 Dungeon Crawl Stone Soup version 0.14-a0-2061-g6c6fb9c (webtiles) character file.

298 M4edhros the Vandal (level 4, -17/28 HPs)
             Began as an Octopode Hunter on Jan 22, 2014.
             Demolished by Blork the orc
             ... wielding a cursed -2,+0 orcish battleaxe
              (19 damage)
             ... on Level 4 of the Dungeon.
             The game lasted 00:02:31 (2680 turns).

M4edhros the Vandal (Octopode Hunter)               Turns: 2680, Time: 00:02:31

HP -17/28        AC  1     Str 11      XL: 4   Next: 33%
MP   4/4         EV 12     Int 13      God:
Gold 221         SH  0     Dex 13      Spells:  0 memorised,  3 levels left

rFire  . . .     SeeInvis .     b - +1 sling
rCold  . . .     Clarity  .     (no shield)
rNeg   . . .     Conserve .     (helmet restricted)
rPois  .         rCorr    .     (no amulet)
rElec  .         rRot     .     (no ring)
SustAb . .       Spirit   .     (no ring)
rMut   .         Warding  .     (no ring)
Saprov . . .     Stasis   .     (no ring)
MR     .....                    (no ring)
                                (no ring)
                                (no ring)
                                (no ring)

@: not resistant to hostile enchantments, stealthy
A: almost no armour, amphibious, 8 rings, constrict 8, camouflage 1, gelatinous
body 1
a: no special abilities


You were on level 4 of the Dungeon.
You were hungry.

You visited 1 branch of the dungeon, and saw 4 of its levels.

You collected 221 gold pieces.

Inventory:

Hand weapons
 a - a +0,+0 short sword
 b - a +1,+1 sling (weapon)
Missiles
 c - 39 sling bullets (quivered)
 g - 5 sling bullets of flame
 k - 51 stones
Comestibles
 l - 2 chokos
 v - an apple
Scrolls
 d - 2 scrolls of blinking {unknown}
 h - 2 scrolls of noise
 i - a scroll of remove curse {unknown}
 m - 2 scrolls of teleportation
 n - a scroll of curse jewellery {unknown}
 q - a scroll of random uselessness {unknown}
 s - a scroll of identify {unknown}
 t - a scroll of immolation {unknown}
Jewellery
 u - a +4 ring of evasion {unknown}
Potions
 e - a potion of restore abilities {unknown}
 j - a potion of curing
 p - a potion of heal wounds {unknown}
 r - a potion of poison {unknown}
 w - a potion of berserk rage {unknown}
Magical staves
 o - an uncursed staff of poison


   Skills:
 - Level 1.0 Fighting
 + Level 5.7 Slings
 - Level 2.0 Dodging
 - Level 1.3 Stealth


You had 3 spell levels left.
You didn't know any spells.

Dungeon Overview and Level Annotations

Branches:
Dungeon (4/16)
 Temple: D:4-7

Altars:
Makhleb
Trog

Annotations:
D:4 Blork the orc


Innate Abilities, Weirdness & Mutations

You cannot wear most types of armour.
You are amphibious.
You can wear up to eight rings at the same time.
You can use your tentacles to constrict many enemies at once.
Your skin changes colour to match your surroundings (Stlth).
Your rubbery body absorbs attacks (AC +1).


Message History

Blork the orc flickers and vanishes!
Deactivating autopickup; reactivate with Ctrl-A.
Throwing (i - inventory. (,) - cycle):
f - a javelin (quivered)
Press: ? - help, Shift-Dir - straight line You throw a javelin.
The adder bites you.
Firing (i - inventory. (,) - cycle):
c - 41 sling bullets (quivered)
Press: ? - help, Shift-Dir - straight line You shoot a sling bullet.
The adder barely misses you. Something hits you. The adder barely misses you.
Firing (i - inventory. (,) - cycle):
c - 40 sling bullets (quivered)
Press: ? - help, Shift-Dir - straight line You shoot a sling bullet.
Something hits you! The adder bites you.
You hear some strange, mumbled words.
A puff of flame appears from out of thin air!
The puff of flame hits you!
* * * LOW HITPOINT WARNING * * *
The adder bites you but does no damage. Something hits you!
Ouch! That really hurt!
You die...

#.##..# ...# .......#
...# ........# ...#
#.#.#...##.#(#.##.
..................
.#.#.#.....(.......
#.........<.........
.#...####.g.####(.((.
........@.S.# .#.##
.#...####...# . . #
#...# . ....# .....#
##...# ..... #.#...
#.#


You could see an adder and a goblin.

Vanquished Creatures
  An adder (D:2)
  5 giant geckos
  4 oozes
  2 orcs
  A bat skeleton (D:3)
  10 goblins
  6 hobgoblins
  8 kobolds
  2 ball pythons
  6 bats
  3 giant newts (D:2)
  A quokka (D:2)
  10 rats
59 creatures vanquished.

Notes
Turn   | Place    | Note
--------------------------------------------------------------
     0 | D:1      | M4edhros, the Octopode Hunter, began the quest for the Orb.
     0 | D:1      | Reached XP level 1. HP: 13/13 MP: 1/1
   149 | D:1      | Reached XP level 2. HP: 18/18 MP: 2/2
   326 | D:1      | Reached XP level 3. HP: 23/23 MP: 3/3
   689 | D:1      | Reached skill level 5 in Slings
  1091 | D:2      | Found a bloodstained altar of Trog.
  1149 | D:2      | Reached XP level 4. HP: 18/28 MP: 4/4
  1991 | D:3      | Found a burning altar of Makhleb.
  2665 | D:4      | Noticed Blork the orc
  2680 | D:4      | Demolished by Blork the orc

Action                   |  1- 3 |  4- 6 || total
-------------------------+-------+-------++-------
 Fire: Sling             |    99 |    41 ||   140
Throw: Javelin           |       |     7 ||     7
  Use: Potion            |     2 |       ||     2
       Scroll            |       |     5 ||     5
